 Dungeon Crawl Stone Soup version 0.30-b1-5-g8e6c1be481 (webtiles) character file.

Game seed: 10191578512487620689

93 FrenchFrogFromFrance the Ruffian (level 4, 0/35 HPs)
             Began as a Demonspawn Berserker on May 3, 2023.
             Was a Believer of Trog.
             Slain by an orc
             ... wielding a +0 mace
              (4 damage)
             ... on level 3 of the Dungeon.
             The game lasted 00:02:33 (2379 turns).

FrenchFrogFromFrance the Ruffian (DsBe)             Turns: 2379, Time: 00:02:34

Health: 0/35       AC:  6    Str: 20    XL:     4   Next: 37%
Magic:  4/4        EV: 10    Int:  8    God:    Trog [**....]
Gold:   66         SH:  0    Dex: 12    Spells: 3/3 levels left

rFire   . . .        n - +2 short sword (freeze)
rCold   . . .        (no shield)
rNeg    . . .        d - +0 scale mail
rPois   .            (no helmet)
rElec   .            (no cloak)
rCorr   .            (no gloves)
SInv    .            (no boots)
Will    .....        (no amulet) Stlth
                     b - ring of flight
HPRegen 0.25/turn    (no ring)
MPRegen 0.09/turn

%: no passive effects
@: flying
A: foul stench 2
a: Renounce Religion, Berserk, Trog's Hand


You were on level 3 of the Dungeon.
You worshipped Trog.
Trog was pleased with you.
You visited 1 branch of the dungeon, and saw 3 of its levels.

You collected 66 gold pieces.

Inventory:

Hand Weapons
 n - a +2 short sword of freezing (weapon)
Missiles
 h - a throwing net (quivered)
Armour
 a - a +0 animal skin
 d - a +0 scale mail (worn)
Jewellery
 b - a ring of flight (left hand)
Wands
 q - a wand of roots (13)
Scrolls
 f - 3 scrolls of noise {unknown}
 g - 2 scrolls of butterflies {unknown}
 i - a scroll of magic mapping {unknown}
 j - 3 scrolls of teleportation {unknown}
 k - a scroll of enchant weapon {unknown}
 o - 2 scrolls of identify {unknown}
 r - a scroll of fog {unknown}
Potions
 c - 2 potions of haste {unknown}
 e - 3 potions of heal wounds {unknown}
 l - a potion of flight {unknown}
 m - a potion of curing {unknown}
 p - a potion of brilliance {unknown}
 s - a potion of lignification {unknown}


   Skills:
 + Level 3.5 Fighting
 + Level 0.7 Short Blades
 + Level 2.4 Armour
 + Level 2.0 Dodging
 + Level 0.4 Stealth
 + Level 3.6 Unarmed Combat


You had 3 spell levels left.
You didn't know any spells.
Your spell library was empty.

Dungeon Overview and Level Annotations

Branches:
Dungeon (3/15)

Altars:


Innate Abilities, Weirdness & Mutations

You sometimes emit foul miasma when damaged in melee.


Message History

Unknown command.
You barely miss the orc.
The orc is moderately wounded.
The endoplasm freezes you.
You are frozen.
The orc hits you but does no damage. The orc misses you.
Unknown command.
You hit the orc. You freeze the orc.
The orc is heavily wounded.
The endoplasm hits you but does no damage.
The orc hits you with a +0 mace. The orc hits you with a +0 short sword.
You emit a cloud of foul miasma!
Unknown command.
You hit the orc but do no damage.
The orc is heavily wounded.
The endoplasm freezes you.
You are frozen.
The orc barely misses you.
The orc is engulfed in dark miasma.
The orc is poisoned.
You kill the orc!
Trog accepts your kill.
You hit the orc but do no damage.
The orc is heavily wounded.
The endoplasm barely misses you. The orc hits you but does no damage.
You barely miss the orc.
The orc is heavily wounded.
The endoplasm freezes you.
You are frozen.
* * * LOW HITPOINT WARNING * * *
The orc hits you but does no damage.
Unknown command.
Unknown command.
You closely miss the orc.
The orc is heavily wounded.
The endoplasm barely misses you. The orc hits you with a +0 mace.
* * * LOW HITPOINT WARNING * * *
Unknown command.
You closely miss the orc.
The orc is heavily wounded.
The endoplasm hits you but does no damage.
The orc hits you with a +0 mace.
You die...

.# #. .#.#...
...#.# .
#>...# ...
###...#
.....####....#
..$..oJ@$....#
##.
......☼o...#)#
#..
##.##.####...#
#.# ..? ###.##
#.# ..## #..##
#.# # #. #...#
#.# # .
#.#.###)# #
#.#...#.# ###
#.###...###.)


You could see 2 orcs and an endoplasm.

Vanquished Creatures
  Jessica (D:2)
  2 adders
  3 worms (D:2)
  A dart slug (D:3)
  2 orcs (D:3)
  6 ball pythons
  A bat skeleton (D:2)
  5 endoplasms
  2 giant cockroaches
  4 goblins
  2 hobgoblins
  2 kobolds (D:2)
  2 bats (D:3)
  2 frilled lizards
  A rat (D:1)
36 creatures vanquished.

Vanquished Creatures (others)
  A withered plant (D:2)
1 creature vanquished.

Grand Total: 37 creatures vanquished

Notes
Turn   | Place    | Note
-------+----------+-------------------------------------------
     0 | D:1      | FrenchFrogFromFrance the Demonspawn Berserker began the
                  | quest for the Orb.
     0 | D:1      | Reached XP level 1. HP: 18/18 MP: 1/1
   287 | D:1      | Gained mutation: You may rarely emit foul miasma when
                  | damaged in melee. [demonic ancestry]
   287 | D:1      | Reached XP level 2. HP: 24/24 MP: 2/2
  1035 | D:2      | Reached XP level 3. HP: 21/29 MP: 3/3
  1429 | D:2      | Noticed Jessica
  1443 | D:2      | Killed Jessica
  2010 | D:2      | Gained mutation: You sometimes emit foul miasma when
                  | damaged in melee. [demonic ancestry]
  2010 | D:2      | Reached XP level 4. HP: 35/35 MP: 4/4
  2366 | D:3      | Reached ** piety under Trog
  2379 | D:3      | Slain by an orc

Illustrated notes

Levels and vault maps discovered:
D:1:      ebering_hopf_link, layout_loops_ring, kennysheep_pointless_box
D:2:      layout_basic, serial_undead, serial_undead_e, serial_undead_f,
          serial_undead_f, serial_undead_e, uniq_jessica
D:3:      layout_rooms, grunt_temple_overflow_order_and_chaos_2,
          nicolae_overflow_hidden_temple

Skill      XL: |  1  2  3 |
---------------+----------+-----
Unarmed Combat | 3 |  3.6
Armour         | 2 |  2.4
Dodging        | 2 |  2.0
Fighting       | |  3.5
Short Blades   | |  0.7
Stealth        | |  0.4

Action                     |  1- 3 |  4- 6 || total
---------------------------+-------+-------++-------
  Melee: Unarmed           |    48 |       ||    48
         Short sword       |    29 |    55 ||    84
         Punch             |       |     1 ||     1
 Armour: Scale mail        |    18 |    21 ||    39
         Animal skin       |     1 |       ||     1
  Dodge: Dodged            |    38 |    24 ||    62
